 Dungeon Crawl Stone Soup version 0.22-a0-398-g8bb545f (webtiles) character file.

18 DrEnzyme the Poker (level 2, -1/21 HPs)
             Began as a Human Wanderer on May 4, 2018.
             Slain by a leopard gecko (2 damage)
             ... on level 1 of the Dungeon.
             The game lasted 00:04:26 (1195 turns).

DrEnzyme the Poker (Human Wanderer)                 Turns: 1195, Time: 00:04:26

Health: -1/21      AC:  2    Str: 13    XL:     2   Next: 85%
Magic:  2/2        EV: 11    Int: 13    God:
Gold:   49         SH:  0    Dex: 10    Spells: 1/1 levels left

rFire    . . .     SeeInvis .   b - +0 falchion
rCold    . . .     Gourm    .   (no shield)
rNeg     . . .     Faith    .   d - +0 robe
rPois    .         Spirit   .   g - +0 hat
rElec    .         Reflect  .   (no cloak)
rCorr    .         Harm     .   (no gloves)
MR       .....                  (no boots)
Stlth    +.........             (no amulet)
HPRegen  0.07/turn              (no ring)
MPRegen  0.08/turn              (no ring)

@: very slow
A: no striking features
a: no special abilities


You were on level 1 of the Dungeon.
You were not hungry.

You visited 1 branch of the dungeon, and saw 1 of its levels.

You collected 49 gold pieces.

Inventory:

Hand Weapons
 b - a +0 falchion (weapon)
 c - a +0 spear
Armour
 d - a +0 robe (worn)
 e - a cursed -2 leather armour
 g - a +0 hat (worn)
Jewellery
 m - an uncursed ring of see invisible {unknown}
Wands
 a - a wand of enslavement (15)
Scrolls
 h - a scroll of remove curse {unknown}
 i - a scroll of teleportation
 j - a scroll of amnesia {unknown}
 k - a scroll of noise {unknown}
Potions
 l - a potion of brilliance {unknown}
 n - 2 potions of curing {unknown}
Comestibles
 f - 2 rations


   Skills:
 + Level 1.0 Fighting
 + Level 0.9 Long Blades
 + Level 2.6 Polearms
   Level 1.0 Bows
 + Level 1.0 Throwing
 + Level 2.0 Armour
 + Level 1.1 Dodging
 + Level 1.0 Stealth
 + Level 1.2 Evocations


You had one spell level left.
You didn't know any spells.

Dungeon Overview and Level Annotations

Branches:
Dungeon (1/15)

Altars:


Message History

The leopard gecko is severely wounded.
The leopard gecko hisses menacingly.
The leopard gecko hisses menacingly.
The leopard gecko barely misses you. The leopard gecko bites you.
* * * LOW HITPOINT WARNING * * *
The leopard gecko closely misses you.
The leopard gecko bites you but does no damage.
The leopard gecko barely misses you.
You riposte.
You barely miss the leopard gecko.
The leopard gecko is heavily wounded.
The hobgoblin shouts!
The leopard gecko hisses menacingly.
The leopard gecko bites you.
* * * LOW HITPOINT WARNING * * *
The leopard gecko closely misses you.
You enter the shallow water.
Moving in this stuff is going to be slow.
The leopard gecko bites you.
You die...

........#######.P#≈#P.##..# #.#
......)..........P.P..##..# #.#
......................##..# #.#
######....g.......<...##.># #.#
####.####...........###)# #.#
#..............P.P..###.# #.#
###..........g..P#≈#P..##.# #.#
................##≈##..##.# #.#
...............l@≈≈≈≈..##.# #.##
.......)........##≈##.....# #...
##'####.........P#≈#P..#######.##
#.####..........P.P...#.......#
#....'................#.####.###
######......#.#######.# #......#
#......#.# #...#....#.#.#
#......#.# ###.#....#.#.#
#......#.# #.#... #.# #


You could see a leopard gecko and 2 hobgoblins.

Vanquished Creatures
  A leopard gecko (D:1)
  A bat (D:1)
  3 goblins (D:1)
  3 hobgoblins (D:1)
  A kobold (D:1)
  2 frilled lizards (D:1)
  5 rats (D:1)
16 creatures vanquished.

Notes
Turn   | Place    | Note
-------+----------+-------------------------------------------
     0 | D:1      | DrEnzyme the Human Wanderer began the quest for the Orb.
     0 | D:1      | DrEnzyme set off with: a wand of enslavement (15), a +0 falchion, a +0 spear, a +0 robe, a ration
     0 | D:1      | Reached XP level 1. HP: 15/15 MP: 1/1
   757 | D:1      | Reached XP level 2. HP: 21/21 MP: 2/2
  1187 | D:1      | HP: 1/21 [leopard gecko (2)]
  1195 | D:1      | Slain by a leopard gecko

Vault maps used:
D:1:      eino_arrival_water_cross, minmay_tromino_i4

Action                   || total
-------------------------++-------
Melee: Falchion          ||    53
  Use: Scroll            ||     1
 Stab: Sleeping          ||     1
  Eat: Chunk             ||     1
Armor: Robe              ||    10
Dodge: Dodged            ||    41
       Rpst.: Falchion   ||    13

Table legend:
 A = Spawn XP
 B = Non-spawn XP
 C = Spawn XP percentage of total XP
 D = Spawn monster count
 E = Non-spawn monster count
 F = Spawn count percentage of total count
 G = Total turns spent on level
                    A         B        C        D         E        F      G
               +---------+---------+-------+---------+---------+-------+---------
         Total |       0 |      26 |   0.0 |       0 |      16 |   0.0 |  1195
               +---------+---------+-------+---------+---------+-------+---------
           D:1 |       0 |      26 |   0.0 |       0 |      16 |   0.0 |  1195
               +---------+---------+-------+---------+---------+-------+---------
